 Dungeon Crawl Stone Soup version 0.18-b1-14-g029dad2 (webtiles) character file.

375 Gargoyl the Skirmisher (level 6, -1/73 HPs)
             Began as a Demonspawn Abyssal Knight on Apr 30, 2016.
             Was a Priest of Lugonu.
             Killed by a spatial distortion (3 damage)
             ... on level 5 of the Dungeon.
             The game lasted 00:07:06 (3267 turns).

Gargoyl the Skirmisher (Demonspawn Abyssal Knight)  Turns: 3267, Time: 00:07:07

Health: -1/73      AC: 23    Str: 19    XL:     6   Next: 44%
Magic:  8/8        EV:  2    Int: 14    God:    Lugonu [***...]
Gold:   152        SH:  4    Dex: 17    Spells: 0 memorised, 5 levels left

rFire  . . .     SeeInvis .     C - +0 war axe
rCold  . . .     Gourm    .     (armour currently unavailable)
rNeg   + + +     Faith    .     g - +0 buckler
rPois  +         Spirit   .     (helmet currently unavailable)
rElec  .         Dismiss  .     (cloak currently unavailable)
rCorr  .         Reflect  .     (gloves currently unavailable)
SustAt .         Harm     .     (boots currently unavailable)
MR     .....     NoTele   +     (no amulet)
Stlth  +++.......               (no ring)
                                (no ring)

@: mighty, agile, tree-form (expiring), very slightly contaminated, not
resistant to hostile enchantments, fairly stealthy
A: (horns 0), (spiny 0)
a: Depart the Abyss, Bend Space, Banish, Renounce Religion


You were on level 5 of the Dungeon.
You worshipped Lugonu.
Lugonu was most pleased with you.
You were hungry.
You were a tree.
You visited 1 branch of the dungeon, and saw 5 of its levels.
You visited the Abyss 1 time.

You collected 152 gold pieces.

Inventory:

Hand Weapons
 k - a +0 flail
 C - a +0 war axe (weapon)
Armour
 e - a +0 scale mail (melded)
 g - a +0 buckler (worn)
 m - a +0 cloak (melded)
Jewellery
 j - an uncursed ring of flight
Scrolls
 b - 4 scrolls of identify
 l - a scroll of enchant armour {unknown}
 p - 3 scrolls of remove curse {unknown}
 q - 6 scrolls of fear {unknown}
 r - a scroll of enchant weapon {unknown}
 t - 2 scrolls of recharging {unknown}
 y - a scroll of amnesia {unknown}
 z - 2 scrolls of teleportation {unknown}
 B - a scroll of noise {unknown}
Potions
 f - a potion of might
 h - a potion of curing {unknown}
 i - a potion of invisibility {unknown}
 n - a potion of resistance {unknown}
 s - a potion of agility
 u - a potion of magic {unknown}
 v - 2 potions of lignification
 x - a potion of cancellation {unknown}
 A - 2 potions of haste
Books
 D - a book of Enchantments

   Spells                             Type                      Level
   a - Cause Fear                     Hexes                        4
   b - Yara's Violent Unravelling     Hexes/Transmutation          5
   c - Silence                        Hexes/Air                    5
   d - Deflect Missiles               Charms/Air                   6
   e - Haste                          Charms                       6
   f - Discord                        Hexes                        8
Comestibles
 c - 4 bread rations
 d - 2 slices of pizza
 w - 2 meat rations
 E - a chunk of flesh


   Skills:
 + Level 4.3 Fighting
 + Level 3.2 Axes
 * Level 3.8 Armour
 + Level 2.3 Dodging
 + Level 0.8 Stealth
 + Level 0.6 Shields
 + Level 2.7 Invocations


You had 5 spell levels left.
You didn't know any spells.

Dungeon Overview and Level Annotations

Branches:
Dungeon (5/15)
 Temple: D:4-7

Altars:
Ashenzari
Gozag
Kikubaaqudgha
Nemelex Xobeh
Okawaru
Sif Muna
The Shining One


Innate Abilities, Weirdness & Mutations

((You have a pair of small horns on your head.))
((You are mostly covered in sharp spines.))


Message History

* * * LOW HITPOINT WARNING * * *
Your transformation is almost over.
The orc warrior hits you but does no damage.
Drink which item? (? for menu, Esc to quit)
You feel much better.
Your extra speed is starting to run out.
The orc warrior hits you from afar with a halberd.
The orc warrior hits you from afar with a halberd!
* * * LOW HITPOINT WARNING * * *
Drink which item? (? for menu, Esc to quit)
It was a potion of agility.
You feel agile all of a sudden. You block the orc warrior's attack.
The orc warrior hits you but does no damage.
You block the orc warrior's attack.
You feel yourself slow down.
The orc warrior hits you from afar with a halberd!
* * * LOW HITPOINT WARNING * * *
Space bends around you!
You blink.
You die...

#.........#
#.........#
####+#.........#
.......§<..#
.......))..+
.......)o..#
...........#
...........###
.......♣.....#
###..........+
#..........#
#########+##


You could see an orc warrior.

Vanquished Creatures
  An orc priest (D:3)
  2 orc wizards (D:5)
  An iguana (D:4)
  13 adders
  4 gnolls (D:2)
  2 worms
  4 dart slugs
  2 giant geckos
  10 orcs
  4 giant cockroaches
  7 goblins
  2 hobgoblins
  4 jackals
  4 quokkas
  A ball python (D:3)
  13 bats
  3 giant newts
  10 kobolds
  11 rats
98 creatures vanquished.

Notes
Turn   | Place    | Note
--------------------------------------------------------------
     0 | Abyss:1  | Gargoyl the Demonspawn Abyssal Knight began the quest for the Orb.
     0 | Abyss:1  | Reached XP level 1. HP: 18/18 MP: 2/2
    70 | Abyss:1  | Noticed a large abomination
   111 | Abyss:3  | Found a corrupted altar of Lugonu.
   121 | Abyss:3  | Noticed a sixfirhy
   123 | Abyss:3  | Noticed a cacodemon
   123 | Abyss:3  | Noticed an orange demon
   124 | Abyss:3  | Noticed a small abomination
   125 | D:1      | Escaped the Abyss
   326 | D:1      | Reached * piety under Lugonu
   362 | D:1      | Gained mutation: You are partially covered in sharp spines. [demonic ancestry]
   362 | D:1      | Reached XP level 2. HP: 24/24 MP: 3/3
   477 | D:1      | Reached skill level 1 in Dodging
   556 | D:1      | Found a shattered altar of Ashenzari.
   849 | D:2      | Reached ** piety under Lugonu
   849 | D:2      | Reached XP level 3. HP: 22/29 MP: 4/4
  1048 | D:2      | Reached XP level 4. HP: 34/37 MP: 6/6
  1099 | D:2      | Reached skill level 4 in Fighting
  1429 | D:2      | Found an ancient bone altar of Kikubaaqudgha.
  1430 | D:2      | Found an opulent altar of Gozag.
  1515 | D:2      | Found an iron altar of Okawaru.
  1938 | D:3      | Found a deep blue altar of Sif Muna.
  2092 | D:3      | Gained mutation: You are mostly covered in sharp spines. [demonic ancestry]
  2092 | D:3      | Reached XP level 5. HP: 32/42 MP: 7/7
  2358 | D:3      | Reached *** piety under Lugonu
  2617 | D:4      | Found a sparkling altar of Nemelex Xobeh.
  2736 | D:4      | Found a glowing golden altar of the Shining One.
  2755 | D:4      | Gained mutation: You have a pair of small horns on your head. [demonic ancestry]
  2755 | D:4      | Reached XP level 6. HP: 48/48 MP: 8/8
  3204 | D:5      | Entered Level 5 of the Dungeon
  3204 | D:5      | Noticed an orc warrior
  3266 | D:5      | HP: 2/73 [orc warrior/halberd (9)]
  3267 | D:5      | Killed by a spatial distortion

Skill      XL: |  1  2  3  4  5  6 |
---------------+-------------------+-----
Armour         | 2 3 |  3.8
Axes           | 2 3 |  3.2
Dodging        | 1 2 |  2.3
Fighting       | 4 |  4.3
Stealth        | |  0.8
Shields        | |  0.6
Invocations    | |  2.7

Action                   |  1- 3 |  4- 6 || total
-------------------------+-------+-------++-------
Melee: Hand axe          |    47 |    41 ||    88
       War axe           |       |    46 ||    46
       Headbutt          |       |     1 ||     1
Throw: Tomahawk          |       |     5 ||     5
Invok: Depart the Abyss  |     1 |       ||     1
  Use: Scroll            |     1 |     1 ||     2
       Potion            |       |     6 ||     6
  Eat: Chunk             |     1 |     6 ||     7
Armor: Scale mail        |    27 |    35 ||    62
       Skin              |       |    15 ||    15
Dodge: Dodged            |    33 |    26 ||    59
Block: Buckler           |     8 |    19 ||    27
